 Seeded DCSS version 0.30-a0-1074-g5db6f66fbb (webtiles) character file.

Game seed: 9984866775504283061 (custom seed)

512 Pimp the Magician (level 6, -2/48 HPs)
             Began as a Deep Elf Fire Elementalist on Apr 13, 2023.
             Succumbed to a kobold brigand's curare-tipped dart
             ... on level 3 of the Dungeon.
             The game lasted 00:09:42 (2479 turns).

Pimp the Magician (Deep Elf Fire Elementalist)      Turns: 2479, Time: 00:09:42

Health: -2/48      AC: 23    Str:  5    XL:     6   Next: 99%
Magic:  9/24       EV:  2    Int: 22    God:
Gold:   1047       SH:  0    Dex: 15    Spells: 9/15 levels left

rFire   + . .      SeeInvis .    n - +2 hand axe (heavy)
rCold   . . .      Faith    .    (no shield)
rNeg    . . .      Spirit   .    a - melded +0 robe
rPois   +          Reflect  .    (helmet currently unavailable)
rElec   .          Rampage  .    u - melded +0 cloak
rCorr   +          NoTele   +    (gloves currently unavailable)
Will    .....                    (boots currently unavailable)
Stlth   +++                      (no amulet)
HPRegen 0.28/turn                p - ring "Sufanwet" {rF+ rCorr MP+9}
MPRegen 0.19/turn                (no ring)

@: lethally poisoned (-2 -> -18), tree-form, slowed, very slow
A: stationary, stasis, torment immunity, boosted hp
a: no special abilities


You were on level 3 of the Dungeon.
You were a tree.
You visited 1 branch of the dungeon, and saw 3 of its levels.

You collected 1047 gold pieces.

Inventory:

Hand Weapons
 n - a +2 heavy hand axe (weapon)
Missiles
 i - a throwing net
Armour
 a - a +0 robe (melded)
 g - a +0 ring mail
 u - a +0 cloak (melded)
Jewellery
 p - the ring "Sufanwet" (left branch) {rF+ rCorr MP+9}
   (You acquired it on level 2 of the Dungeon)

   [ring of magical power]

   rF:        It protects you from fire.
   MP:        It affects your magic capacity (+9).
   rCorr:     It protects you from acid and corrosion.
 z - a ring of ice
Scrolls
 f - a scroll of immolation
 h - a scroll of fear
 o - 4 scrolls of brand weapon {unknown}
 q - a scroll of vulnerability {unknown}
 s - a scroll of blinking {unknown}
 t - 2 scrolls of teleportation {unknown}
 v - a scroll of poison {unknown}
 w - a scroll of noise {unknown}
 x - a scroll of amnesia {unknown}
 y - a scroll of identify
Potions
 b - a potion of magic
 c - a potion of curing {unknown}
 d - a potion of brilliance {unknown}
 e - a potion of heal wounds {unknown}
 k - a potion of lignification
 l - a potion of flight {unknown}
 r - a potion of attraction {unknown}


   Skills:
 + Level 4.5 Dodging
 + Level 4.9 Stealth
 + Level 5.2 Spellcasting
 + Level 3.6 Conjurations
 + Level 4.8 Fire Magic


You had 9 spell levels left.
You knew the following spells:

 Your Spells              Type           Power      Damage    Failure   Level
a - Foxfire               Conj/Fire      96%        2x1d8     1%          1
b - Scorch                Fire           52%        2d7       1%          2
c - Volatile Blastmotes   Fire/Tloc      32%        2d12      11%         3

Your spell library contained the following spells:

 Spells                   Type           Power      Damage    Failure   Level
 Inner Flame              Hex/Fire       16%        N/A       11%         3
 Flame Wave               Conj/Fire      24%        2d8       17%         4
 Vhi's Electric Charge    Tloc/Air       10%        N/A       30%         3
 Arcjolt                  Conj/Air       6%         1d16      78%         5
 Maxwell's Capacitive Co  Air            2%         ∞         100%        8


Dungeon Overview and Level Annotations

Branches:
Dungeon (3/15)

Altars:


Message History

Flames lash the gnoll.
The gnoll is severely wounded.
The gnoll's fire resistance burns away.
You hear a shout!
A howler monkey comes into view.
An orc comes into view. It is wielding a +0 hand axe.
Unknown command.
Your butterfly disappears in a burst of colours!
The kobold brigand throws a curare-tipped dart.
The curare-tipped dart hits you.
You are poisoned.
You have difficulty breathing.
You feel yourself slow down.
The gnoll is engulfed in a cloud of scalding steam.
Casting: Scorch (safe; 1% risk of failure)
Confirm with . or Enter, or press ? or * to list all spells.
You conjure some foxfire!
You feel very sick.
The gnoll is no longer more vulnerable to fire.
The kobold brigand throws a curare-tipped dart.
The curare-tipped dart hits you.
You are lethally poisoned!
You have difficulty breathing.
* * * LOW HITPOINT WARNING * * *
You feel as though you will be slow longer.
Unknown command.
It was a potion of lignification.
You turn into a tree.
Your +0 cloak melds into your body.
Your +0 robe melds into your body.
Your roots penetrate the ground.
* * * LOW HITPOINT WARNING * * *
You feel extremely sick.
The foxfire hits the gnoll.
You kill the gnoll!
You hear a splash.
The foxfire hits the kobold brigand!
The kobold brigand is heavily wounded.
The kobold brigand is engulfed in a cloud of scalding steam. x2
As you read the scroll of fear, it crumbles to dust.
You assume a fearsome visage.
The howler monkey looks frightened!
The orc looks frightened!
The kobold brigand looks frightened!
You die...

... #.≈≈~....# ..#+###≈~....#
################'#...#≈~P...#
..b..b.........oh#...#≈~....#
~≈~bbbb~~~≈≈≈~≈)K#####≈≈....#
≈≈~†≈bb§≈≈≈≈≈≈)≈≈≈≈≈≈≈≈~....#
≈~~†~~b§~~≈~~~)§§~~~~~~~....#
......§§........§......P....#
......b§...P...§♣...........#
#############################


You could see a kobold brigand (fleeing), a howler monkey (fleeing) and an orc
(fleeing).

Vanquished Creatures
  The ghost of NinjaNoafa the Shooter, an amateur BaHu (D:3)
  3 howler monkeys (D:3)
  A hound (D:3)
  5 adders
  5 gnolls (D:3)
  A dart slug (D:1)
  6 orcs (D:3)
  4 endoplasms
  2 giant cockroaches
  4 goblins
  3 hobgoblins
  13 jackals
  2 quokkas (D:2)
  5 ball pythons
  6 bats
  6 frilled lizards
  4 kobolds
  8 rats
79 creatures vanquished.

Vanquished Creatures (collateral kills)
  A foxfire (D:1)
1 creature vanquished.

Vanquished Creatures (others)
  82 foxfires
  A plant (D:3)
83 creatures vanquished.

Grand Total: 163 creatures vanquished

Notes
Turn   | Place    | Note
-------+----------+-------------------------------------------
     0 | D:1      | Pimp the Deep Elf Fire Elementalist began the quest for the
                  | Orb.
     0 | D:1      | Reached XP level 1. HP: 10/10 MP: 6/6
   246 | D:1      | Reached XP level 2. HP: 15/15 MP: 5/8
   836 | D:1      | Learned a level 2 spell: Scorch
   873 | D:2      | Reached XP level 3. HP: 15/19 MP: 1/9
  1203 | D:2      | Identified 2 scrolls of acquirement
  1203 | D:2      | Acquired the ring "Sufanwet" {rF+ rCorr MP+9}
  1205 | D:2      | Acquired 960 gold pieces
  1540 | D:2      | Learned a level 3 spell: Volatile Blastmotes
  1752 | D:3      | Reached XP level 4. HP: 24/24 MP: 11/11
  1755 | D:3      | Found a runed translucent door.
  1867 | D:3      | Noticed NinjaNoafa's ghost (amateur BaHu)
  1878 | D:3      | Killed NinjaNoafa's ghost
  1879 | D:3      | Reached skill level 4 in Spellcasting
  1879 | D:3      | Reached XP level 5. HP: 20/28 MP: 7/13
  1879 | D:3      | Reached XP level 6. HP: 23/32 MP: 7/14
  2371 | D:3      | Reached skill level 5 in Spellcasting
  2478 | D:3      | HP: 2/48 [poisoned by a kobold brigand (curare-tipped
                  | dart)]
  2479 | D:3      | Succumbed to a kobold brigand's curare-tipped dart

Illustrated notes

Levels and vault maps discovered:
D:1:      minmay_arrival_plants_in_alcoves, layout_basic,
          minmay_misc_feat_plants, chequers_serial_rivers_marsh
D:2:      layout_basic, minmay_misc_feat_columns
D:3:      lemuel_castle_with_subvaults [lemuel_castle_interior_carwin_2],
          layout_rooms, ebering_ghost_sewer_d

Skill      XL: |  1  2  3  4  5  6 |
---------------+-------------------+-----
Dodging        | 3 4 |  4.5
Stealth        | 3 4 |  4.9
Conjurations   | 2 3 |  3.6
Spellcasting   | 4 5 |  5.2
Fire Magic     | 4 |  4.8

Action                     |  1- 3 |  4- 6 || total
---------------------------+-------+-------++-------
  Melee: Unarmed           |     5 |       ||     5
         Hand axe          |     3 |     6 ||     9
         Punch             |       |     1 ||     1
   Cast: Foxfire           |    33 |    16 ||    49
         Scorch            |    22 |    38 ||    60
         Volatile Blastmot |     1 |       ||     1
    Use: Scroll            |     6 |     3 ||     9
         Potion            |       |     1 ||     1
 Armour: Robe              |     9 |     4 ||    13
  Dodge: Dodged            |    33 |    25 ||    58

Table legend: (Time is in decaauts)
 A = Elapsed time spent in this place.
 B = Non-inter-level travel time spent in this place.
 C = Inter-level travel time spent in this place.
 D = Time resting spent in this place.
 E = Time spent auto-exploring this place.
 F = Levels seen in this place.
 G = Mean time per level.
                   A        B        C        D        E       F      G
               +--------+--------+--------+--------+--------+-----+--------+
         Total |   2499 |   2421 |     78 |    702 |   1161 |   3 |  833.0 |
       Dungeon |   2499 |   2421 |     78 |    702 |   1161 |   3 |  833.0 |
               +--------+--------+--------+--------+--------+-----+--------+

Top non-repeatable levels by time:
     D:2: 883 daAuts
     D:1: 863 daAuts
     D:3: 751 daAuts
